 Dungeon Crawl Stone Soup version 0.23.2-1-ga50397a6bc (webtiles) character file.

Game seed: 7393132913830644121

67 Foic the Skirmisher (level 4, 0/39 HPs)
             Began as a Merfolk Wanderer on May 26, 2019.
             Slain by Grinder (8 damage)
             ... while paralysed by Grinder
             ... on level 3 of the Dungeon.
             The game lasted 00:05:46 (1922 turns).

Foic the Skirmisher (Merfolk Wanderer)              Turns: 1922, Time: 00:05:46

Health: 0/39       AC:  3    Str: 11    XL:     4   Next: 18%
Magic:  5/5        EV:  2    Int: 10    God:
Gold:   50         SH:  0    Dex: 21    Spells: 3/3 levels left

rFire    . . .     SeeInvis .   a - +2 spear
rCold    . . .     Gourm    .   (no shield)
rNeg     . . .     Faith    .   d - +0 robe
rPois    .         Spirit   .   (no helmet)
rElec    .         Reflect  .   (no cloak)
rCorr    .         Harm     .   (no gloves)
MR       .....                  q - +0 pair of boots
Stlth    ++++......             (no amulet)
HPRegen  0.13/turn              (no ring)
MPRegen  0.09/turn              (no ring)

@: paralysed, agile
A: change form in water, swift swim, stealthy swim
a: no special abilities


You were on level 3 of the Dungeon.
You were not hungry.

You visited 1 branch of the dungeon, and saw 3 of its levels.

You collected 50 gold pieces.

Inventory:

Hand Weapons
 a - a +2 spear (weapon)
 e - a +0 dagger
Missiles
 i - 34 stones (quivered)
Armour
 d - a +0 robe (worn)
 h - a +0 buckler
 m - a +0 chain mail
 n - a +0 leather armour
 q - a +0 pair of boots (worn)
Scrolls
 g - 3 scrolls of identify {unknown}
 j - 2 scrolls of remove curse {unknown}
 k - a scroll of amnesia {unknown}
 o - a scroll of teleportation {unknown}
 p - 2 scrolls of fog {unknown}
Potions
 b - 3 potions of curing
 c - a potion of lignification
Comestibles
 f - 5 rations
 l - 6 chunks of flesh


   Skills:
 * Level 5.2 Fighting
 + Level 3.2 Polearms
 * Level 2.3 Dodging
 + Level 2.6 Stealth
   Level 2.0 Evocations


You had 3 spell levels left.
You didn't know any spells.
Your spell library was empty.

Dungeon Overview and Level Annotations

Branches:
Dungeon (3/15)

Altars:

Annotations:
D:3 Grinder


Message History

Grinder is moderately wounded.
Grinder closely misses you.
You completely miss Grinder.
Grinder is moderately wounded.
Grinder says, "You look like you could use a good racking."
Grinder blinks!
You hit Grinder but do no damage.
Grinder is moderately wounded.
Grinder misses you.
You closely miss Grinder.
Grinder is moderately wounded.
Grinder gestures at you.
You suddenly lose the ability to move!
Grinder hits you.
* * * LOW HITPOINT WARNING * * *
You writhe in agony.
* * * LOW HITPOINT WARNING * * *
Grinder completely misses you. Grinder hits you!
You die...

........÷...P≈≈#####
.##.......).....♣....#
...............÷<.####
..#..###.........###
......##............
...................#
#####......#...###...#
##...........####..
#......@..##.......
.......#.#.#5...........
.........#.#...###.#....
#.....(.................
........................
.......###.....#)....$..
.......#.......##.......
###............# .......
.........# .......


You could see Grinder.

Vanquished Creatures
  3 adders
  4 dart slugs
  An orc (D:3)
  3 giant cockroaches
  3 goblins
  4 hobgoblins
  2 jackals (D:1)
  2 quokkas (D:3)
  4 frilled lizards
  3 kobolds
  2 rats (D:1)
31 creatures vanquished.

Notes
Turn   | Place    | Note
-------+----------+-------------------------------------------
     0 | D:1      | Foic the Merfolk Wanderer began the quest for the Orb.
     0 | D:1      | Foic set off with the following items: a +2 spear, a potion
                  | of curing, a potion of lignification, a +0 robe, a +0
                  | dagger, a ration
     0 | D:1      | Reached XP level 1. HP: 20/20 MP: 2/2
   145 | D:1      | Reached XP level 2. HP: 13/26 MP: 3/3
   625 | D:1      | Reached skill level 5 in Fighting
  1075 | D:2      | Reached XP level 3. HP: 19/33 MP: 4/4
  1755 | D:3      | Noticed Grinder
  1757 | D:3      | Paralysed by Grinder for 5 turns
  1766 | D:3      | Paralysed by Grinder for 5 turns
  1882 | D:3      | Reached XP level 4. HP: 39/39 MP: 5/5
  1904 | D:3      | Paralysed by Grinder for 6 turns
  1919 | D:3      | Paralysed by Grinder for 3 turns
  1922 | D:3      | Slain by Grinder

Skill      XL: |  1  2  3 |
---------------+----------+-----
Fighting       | 5 |  5.2
Polearms       | 2 3 |  3.2
Dodging        | 2 |  2.3
Stealth        | |  2.6
Evocations     | |  2.0

Action                   |  1- 3 |  4- 6 || total
-------------------------+-------+-------++-------
Melee: Spear             |   114 |    23 ||   137
  Use: Potion            |     1 |     2 ||     3
 Stab: Sleeping          |    10 |       ||    10
  Eat: Chunk             |     3 |       ||     3
Armor: Robe              |     8 |     2 ||    10
Dodge: Dodged            |    42 |    10 ||    52
